 Dungeon Crawl Stone Soup version 0.17-a0-1069-g92ad481 (webtiles) character file.

168 hornqvist the Shield-Bearer (level 5, 0/41 HPs)
             Began as a Formicid Fighter on May 17, 2015.
             Slain by an adder (1 damage)
             ... on level 3 of the Dungeon.
             The game lasted 00:01:54 (1575 turns).

hornqvist the Shield-Bearer (Formicid Fighter)      Turns: 1575, Time: 00:01:54

Health: 0/41       AC:  8    Str: 26    XL:     5   Next: 77%
Magic:  5/5        EV:  6    Int:  8    God:
Gold:   111        SH: 15    Dex: 10    Spells: 0 memorised, 4 levels left

rFire  . . .     SeeInvis +     a - +0 war axe
rCold  . . .     Clarity  .     b - +0 scale mail
rNeg   . . .     SustAb   .     i - +0 large shield
rPois  +         Gourm    .     (helmet unavailable)
rElec  .         Spirit   .     (no cloak)
rCorr  .         Warding  .     h - +0 pair of gloves
rMut   +         Stasis   +     (no boots)
MR     .....                    l - amulet of resist mutation
Stlth  ..........               q - ring of poison resistance
                                o - ring of wizardry (curse)

@: mighty, not resistant to hostile enchantments, extremely unstealthy
A: permanent stasis, dig shafts and tunnels, four strong arms, antennae 3
a: Dig, Shaft Self


You were on level 3 of the Dungeon.
You were not hungry.

You visited 1 branch of the dungeon, and saw 3 of its levels.

You collected 111 gold pieces.

Inventory:

Hand weapons
 a - a +0 war axe (weapon)
Armour
 b - a +0 scale mail (worn)
 c - a +0 shield
 h - a +0 pair of gloves (worn)
 i - a +0 large shield (worn)
Jewellery
 l - an amulet of resist mutation (around neck)
 o - a cursed ring of wizardry (left hand)
 q - a ring of poison resistance (right hand)
 s - an uncursed amulet of resist corrosion {unknown}
 u - an uncursed ring of positive energy {unknown}
Scrolls
 f - 2 scrolls of teleportation {unknown}
 g - a scroll of noise {unknown}
 k - a scroll of immolation {unknown}
 m - a scroll of magic mapping {unknown}
 n - 2 scrolls of identify {unknown}
 r - a scroll of remove curse {unknown}
Potions
 j - a potion of degeneration {unknown}
 t - a potion of mutation {unknown}
Comestibles
 e - 3 bread rations


   Skills:
 - Level 3.2 Fighting
 * Level 4.2 Axes
 + Level 4.2 Armour
 + Level 4.6 Shields


You had 4 spell levels left.
You didn't know any spells.

Dungeon Overview and Level Annotations

Branches:
Dungeon (3/15)

Altars:
Fedhas
Kikubaaqudgha

Annotations:
D:3 Grinder, Sigmund


Innate Abilities, Weirdness & Mutations

You are under a permanent stasis effect.
You can dig through walls and to a lower floor.
Your four strong arms can wield two-handed weapons with a shield.
You have a pair of large antennae on your head (SInv).


Message History

You closely miss Sigmund. You miss the adder. You block the adder's attack.
The adder barely misses you. Sigmund casts a spell at you.
The puff of flame misses you.
Unknown command.
You barely miss Sigmund. You closely miss the adder.
You block the adder's attack. You block Sigmund's attack.
You block the adder's attack.
Unknown command.
You closely miss Sigmund. You slash the adder! You slash Grinder!
You block the adder's attack.
Sigmund hits you with a scythe of venom.
* * * LOW HITPOINT WARNING * * *
Grinder gestures.
Grinder blinks!
The adder bites you.
* * * LOW HITPOINT WARNING * * *
You take 4 damage, and have 1/41 hp.
You slash Sigmund! You closely miss the adder. You block the adder's attack.
You block Sigmund's attack. The adder bites you.
You die...

#######
#.....#
#.....#
#.....#
..###.....#
#......@ยง..#
#.. ###@.###
#... #.S....#
#...##5##.#.#
.(.......#.#
.#.......#.#
####.#.##.#
#......###.
#.#........
#...######.


You could see Grinder, Sigmund and an adder.

Vanquished Creatures
  2 vampire bats (D:2)
  2 adders (D:2)
  2 oozes (D:1)
  A worm (D:2)
  4 orcs (D:3)
  8 bats
  2 bat skeletons (D:2)
  3 bat zombies (D:2)
  9 goblins
  8 hobgoblins
  5 kobolds
  A quokka (D:2)
  A giant newt (D:2)
  8 rats
56 creatures vanquished.

Notes
Turn   | Place    | Note
--------------------------------------------------------------
     0 | D:1      | hornqvist the Formicid Fighter began the quest for the Orb.
     0 | D:1      | Reached XP level 1. HP: 18/18 MP: 1/1
    55 | D:1      | Reached XP level 2. HP: 21/24 MP: 2/2
   211 | D:1      | Reached XP level 3. HP: 22/29 MP: 3/3
   702 | D:2      | Found a blossoming altar of Fedhas.
   720 | D:2      | Reached XP level 4. HP: 28/35 MP: 4/4
   981 | D:2      | Reached skill level 4 in Shields
  1319 | D:2      | Found an ancient bone altar of Kikubaaqudgha.
  1333 | D:2      | Reached XP level 5. HP: 36/41 MP: 5/5
  1552 | D:3      | Noticed Grinder
  1560 | D:3      | Noticed Sigmund
  1574 | D:3      | HP: 1/41 [adder (3)]
  1575 | D:3      | Slain by an adder

Vault maps used:
D:1:      dpeg_arrival_fog, minmay_statues_item, kennysheep_decorative_pillar
D:2:      lemuel_crystal_altar, kennysheep_vampire_church
D:3:      minivault_5, uniq_grinder, uniq_jessica, uniq_terence, uniq_sigmund

Action                   |  1- 3 |  4- 6 || total
-------------------------+-------+-------++-------
Melee: War axe           |    86 |   115 ||   201
 Abil: Dig               |     3 |       ||     3
  Use: Potion            |       |     3 ||     3
  Eat: Chunk             |       |     3 ||     3
